 Dungeon Crawl Stone Soup version 0.31-a0-344-gd109795599 (webtiles) character file.

Game seed: 10795502945060188771

56 LeprechaunX the Ruffian (level 3, -5/23 HPs)
             Began as an Octopode Shapeshifter on July 21, 2023.
             Slain by a gnoll
             ... wielding a +0 whip
              (9 damage)
             ... on level 2 of the Dungeon.
             The game lasted 00:00:57 (930 turns).

LeprechaunX the Ruffian (Octopode Shapeshifter)      Turns: 930, Time: 00:00:57

Health: -5/23      AC:  1    Str: 16    XL:     3   Next: 97%
Magic:  3/3        EV: 13    Int: 10    God:
Gold:   28         SH:  0    Dex: 12    Spells: 2/2 levels left

rFire   . .          .
                       - Unarmed
rCold   . . .        (no shield)
rNeg    . . .        (helmet currently unavailable)
rPois   .            (no amulet)
rElec   .            (no ring)
rCorr   .            (no ring)
SInv    .            (no ring)
Will    .....        (no ring)
Stlth   ++           (no ring)
HPRegen 0.23/turn    (no ring)
MPRegen 0.08/turn    (no ring)
                     (no ring)

%: no passive effects
@: beast-form
A: beast (slay +2), almost no armour, amphibious, 8 rings, camouflage 1,
gelatinous body 1, (nimble swimmer 1), tentacles
a: Begin Untransformation


You were on level 2 of the Dungeon.
You were a hulking beast.
You visited 1 branch of the dungeon, and saw 2 of its levels.

You collected 28 gold pieces.

Inventory:

Talismans
 b - a beast talisman
Scrolls
 c - 2 scrolls of identify {unknown}
 e - a scroll of vulnerability {unknown}
 g - a scroll of poison {unknown}
 j - a scroll of revelation {unknown}
Potions
 a - 2 potions of lignification
 d - a potion of degeneration {unknown}
 f - a potion of cancellation {unknown}
 h - a potion of haste {unknown}
 i - a potion of attraction {unknown}
 k - a potion of magic {unknown}


   Skills:
 - Level 1.0 Fighting
 - Level 2.0 Dodging
 * Level 4.2 Unarmed Combat
 + Level 3.4 Shapeshifting


You had 2 spell levels left.
You didn't know any spells.
Your spell library contained the following spells:

 Spells                   Type           Power      Damage    Failure   Level
 Ozocubu's Armour         Ice            0%         N/A       75%         3
 Ozocubu's Refrigeration  Ice            0%         4d7       100%        7


Dungeon Overview and Level Annotations

Branches:
Dungeon (2/15)

Altars:


Innate Abilities, Weirdness & Mutations

You are a hulking beast.
Your limbs bulge with bestial killing power. (Slay +2)
You cannot wear most types of armour.
You are amphibious.
You can wear up to eight rings at the same time.
Your skin changes colour to match your surroundings (Stealth+).
Your rubbery body absorbs attacks. (AC +1, EV +1)
((You are camouflaged when in or above water. (Stealth+)))
You have tentacles for arms and can constrict up to eight enemies at once.


Message History

Key pressed, stopping explore.
A gnoll comes into view. It is wielding a +0 spear.
A gnoll is nearby!
A gnoll is nearby!
A gnoll is nearby!
A gnoll comes into view. It is wielding a +0 club.
The gnoll shouts!
You hear a shout!
The gnoll shouts!
The gnoll hits you from afar with a +0 spear.
Things that are here:
a +0 spear; a gnoll corpse You are too injured to fight recklessly!
You are too injured to fight recklessly!
You are too injured to fight recklessly!
You are too injured to fight recklessly!
You are too injured to fight recklessly!
You are too injured to fight recklessly!
You are too injured to fight recklessly!
You are too injured to fight recklessly!
You are too injured to fight recklessly!
You are too injured to fight recklessly!
You are too injured to fight recklessly!
You are too injured to fight recklessly!
You are too injured to fight recklessly!
You are too injured to fight recklessly!
A gnoll comes into view. It is wielding a +0 whip.
The gnoll completely misses you.
Things that are here:
a +0 spear; a gnoll corpse You tentacle-slap the gnoll but do no damage.
You grab the gnoll. You constrict the gnoll. The gnoll barely misses you.
You tentacle-slap the gnoll.
The gnoll is moderately wounded.
You constrict the gnoll. The gnoll hits you with a +0 spear.
* * * LOW HITPOINT WARNING * * *
You bludgeon the gnoll!
You kill the gnoll!
You closely miss the gnoll. You grab the gnoll. You squeeze the gnoll.
The gnoll is moderately wounded.
You constrict the gnoll. The gnoll hits you with a +0 whip!
You die...

.# #.# .#
#.# . #.#
#.# #.#
#.#####.##
#........#
#######.##
#h# #g#
.g# ...#
.#### #. #


You could see 2 gnolls.

Vanquished Creatures
  2 gnolls (D:2)
  An adder (D:2)
  A dart slug (D:1)
  3 ball pythons (D:1)
  An endoplasm (D:1)
  A giant cockroach (D:1)
  3 goblins (D:1)
  A hobgoblin (D:1)
  4 quokkas (D:1)
  A bat (D:1)
  A frilled lizard (D:1)
  3 kobolds (D:1)
  3 rats (D:1)
25 creatures vanquished.

Notes
Turn   | Place    | Note
-------+----------+-------------------------------------------
     0 | D:1      | LeprechaunX the Octopode Shapeshifter began the quest for
                  | the Orb.
     0 | D:1      | Reached XP level 1. HP: 13/13 MP: 1/1
    15 | D:1      | Noticed a minotaur zombie
    17 | D:1      | Noticed a merfolk zombie
   140 | D:1      | Reached XP level 2. HP: 11/18 MP: 2/2
   179 | D:1      | Found a faded altar of an unknown god.
   412 | D:1      | Reached XP level 3. HP: 23/23 MP: 3/3
   920 | D:2      | Reached skill level 4 in Unarmed Combat
   930 | D:2      | Slain by a gnoll

Illustrated notes

Levels and vault maps discovered:
D:1:      shiori_arrival_whats_in_store_for_you, layout_basic,
          basic_ecumenical_altar
D:2:      cheibrodos_pilgrimage, layout_loops_ring,
          nicolae_twisty_statue_hallways

Skill      XL: |  1  2  3 |
---------------+----------+-----
Unarmed Combat | 4 |  4.2
Fighting       | |  1.0
Dodging        | |  2.0
Shapeshifting  | |  3.4

Action                     || total
---------------------------++-------
  Melee: Unarmed           ||    42
         Constrict         ||    13
         Tentacles         ||     8
   Stab: Sleeping          ||     3
 Armour: Skin              ||     3
  Dodge: Dodged            ||    24

Table legend: (Time is in decaauts)
 A = Elapsed time spent in this place.
 B = Non-inter-level travel time spent in this place.
 C = Inter-level travel time spent in this place.
 D = Time resting spent in this place.
 E = Time spent auto-exploring this place.
 F = Levels seen in this place.
 G = Mean time per level.
                   A        B        C        D        E       F      G
               +--------+--------+--------+--------+--------+-----+--------+
         Total |    926 |    897 |     29 |      0 |    744 |   2 |  463.0 |
       Dungeon |    926 |    897 |     29 |      0 |    744 |   2 |  463.0 |
               +--------+--------+--------+--------+--------+-----+--------+

Top non-repeatable levels by time:
     D:1: 841 daAuts
     D:2: 85 daAuts
